 Dungeon Crawl Stone Soup version 0.19-a0-944-gb338e1e (webtiles) character file.

127 mistymad the Shooter (level 4, -4/40 HPs)
             Began as a Centaur Hunter on July 9, 2016.
             Was an Initiate of Fedhas.
             Slain by Sigmund
             ... wielding a +3 scythe of venom
              (14 damage)
             ... on level 3 of the Dungeon.
             The game lasted 00:06:02 (2901 turns).

mistymad the Shooter (Centaur Hunter)               Turns: 2901, Time: 00:06:05

Health: -4/40      AC:  4    Str: 15    XL:     4   Next: 85%
Magic:  4/4        EV:  9    Int: 10    God:    Fedhas [......]
Gold:   176        SH:  0    Dex: 10    Spells: 0 memorised, 3 levels left

rFire  . . .     SeeInvis .     a - +1 shortbow
rCold  . . .     Gourm    .     c - +0 leather armour
rNeg   . . .     Faith    .     (shield currently unavailable)
rPois  .         Spirit   .     (no helmet)
rElec  .         Dismiss  .     (no cloak)
rCorr  .         Reflect  .     (no gloves)
SustAt .         Harm     .     (no barding)
MR     .....                    (no amulet)
Stlth  +.........               (no ring)
                                (no ring)

@: lethally poisoned (-4 -> -27), very quick, not resistant to hostile
enchantments, very unstealthy
A: hooves 3, deformed body, speed 2, tough skin 3
a: Renounce Religion


You were on level 3 of the Dungeon.
You worshipped Fedhas.
Fedhas was noncommittal.
You were not hungry.

You visited 1 branch of the dungeon, and saw 3 of its levels.

You collected 176 gold pieces.

Inventory:

Hand Weapons
 a - a +1 shortbow (weapon)
 b - a +0 short sword
Missiles
 d - 57 arrows (quivered)
Armour
 c - a +0 leather armour (worn)
Jewellery
 u - an uncursed ring of wizardry {unknown}
Scrolls
 h - a scroll of remove curse {unknown}
 j - a scroll of blinking {unknown}
 k - a scroll of random uselessness {unknown}
 l - a scroll of magic mapping {unknown}
 n - a scroll of enchant weapon {unknown}
 o - 2 scrolls of identify {unknown}
 q - 2 scrolls of enchant armour {unknown}
 r - a scroll of noise {unknown}
 s - a scroll of teleportation {unknown}
 t - a scroll of amnesia {unknown}
Potions
 e - 4 potions of flight {unknown}
 g - 2 potions of heal wounds {unknown}
 i - a potion of degeneration {unknown}
 v - a potion of agility {unknown}
 z - a potion of berserk rage {unknown}
 A - a potion of beneficial mutation {unknown}
Comestibles
 f - 3 bread rations
 m - 4 fruits
 p - a beef jerky
 w - a meat ration
 x - a chunk of flesh


   Skills:
 + Level 4.0 Fighting
 + Level 6.7 Bows
 - Level 1.3 Dodging
 - Level 0.5 Stealth


You had 3 spell levels left.
You didn't know any spells.

Dungeon Overview and Level Annotations

Branches:
Dungeon (3/15)

Altars:
Cheibriados
Fedhas
Gozag
Makhleb
Okawaru
Pakellas
Trog
Vehumet
Xom
Yredelemnul
Zin

Annotations:
D:3 Sigmund


Innate Abilities, Weirdness & Mutations

You have hooves in place of feet.
Armour fits poorly on your strangely shaped body.
You cover ground very quickly.
You have extremely tough skin. (AC +3)


Message History

You take 10 damage, and have 15/40 hp.
MASSIVE DAMAGE!!
Firing (i - inventory):
d - 59 arrows (quivered)
Press: ? - help, Shift-Dir - straight line, f/p - Sigmund
Aim: Sigmund, wielding a scythe of venom and wearing a robe (heavily wounded)
You shoot an arrow. The arrow closely misses Sigmund.
* * * LOW HITPOINT WARNING * * *
You feel very sick.
You are too injured to fight recklessly!
You take 3 damage, and have 12/40 hp.
You are too injured to fight recklessly!
Firing (i - inventory):
d - 58 arrows (quivered)
Press: ? - help, Shift-Dir - straight line, f/p - Sigmund
Aim: Sigmund, wielding a scythe of venom and wearing a robe (heavily wounded)
You shoot an arrow. The arrow hits Sigmund.
Sigmund is severely wounded.
* * * LOW HITPOINT WARNING * * *
You feel sick.
Sigmund hits you from afar with a scythe of venom!
You die...
Fedhas appreciates your contribution to the ecosystem.

.............................
............(................
############.#.#.###.###.#.#.
#.#.#...#)###..<..
#[#.....#.........
#(#######.....###+
#@#...........#...
#(#....###....P..⌠
########@#.#..# #...#.P..
#........####.######P#_._
#........#.....(...#)####
#...<....#...............
#........#...............
#..........#.............
######.#####............. #.#
#.............
#.#####.............


You could see Sigmund.

Vanquished Creatures
  A gnoll (D:1)
  4 adders
  2 oozes (D:3)
  A dart slug (D:1)
  A worm (D:3)
  5 orcs (D:3)
  4 ball pythons (D:1)
  8 bats
  4 giant cockroaches
  A goblin (D:1)
  8 hobgoblins
  A jackal (D:3)
  11 kobolds
  3 giant newts
  12 rats
66 creatures vanquished.

Vanquished Creatures (others)
  A sphinx (D:2)
  14 toadstools (D:3)
15 creatures vanquished.

Grand Total: 81 creatures vanquished

Notes
Turn   | Place    | Note
-------+----------+-------------------------------------------
     0 | D:1      | mistymad the Centaur Hunter began the quest for the Orb.
     0 | D:1      | Reached XP level 1. HP: 17/17 MP: 1/1
   192 | D:1      | Reached XP level 2. HP: 25/25 MP: 2/2
   210 | D:1      | Found a glowing silver altar of Zin.
   469 | D:1      | Reached XP level 3. HP: 30/30 MP: 3/3
   485 | D:1      | Reached skill level 6 in Bows
  1192 | D:2      | Found a blossoming altar of Fedhas.
  1192 | D:2      | Found a radiant altar of Vehumet.
  1192 | D:2      | Found a shimmering altar of Xom.
  1194 | D:2      | Found a basalt altar of Yredelemnul.
  1195 | D:2      | Found a burning altar of Makhleb.
  1196 | D:2      | Found a bloodstained altar of Trog.
  1197 | D:2      | Found an opulent altar of Gozag.
  1200 | D:2      | Became a worshipper of Fedhas Madash
  1630 | D:2      | Found an oddly glowing altar of Pakellas.
  1631 | D:2      | Noticed a sphinx
  1649 | D:2      | Killed a sphinx
  1771 | D:3      | Found a snail-covered altar of Cheibriados.
  1787 | D:3      | Found an iron altar of Okawaru.
  1817 | D:3      | Reached XP level 4. HP: 26/38 MP: 4/4
  2450 | D:3      | Noticed Sigmund
  2901 | D:3      | Slain by Sigmund

Vault maps used:
D:1:      dpeg_arrival_round_b, minmay_hexomino_r4
D:2:      minitemple, gammafunk_pakellas_spire_experiment
D:3:      gammafunk_temple_overflow_forgotten, first_bread, st_stairs_13,
          eino_tiny_chamber, uniq_sigmund

Skill      XL: |  1  2  3  4 |
---------------+-------------+-----
Bows           | 6 |  6.7
Fighting       | 3 4 |  4.0
Dodging        | |  1.3
Stealth        | |  0.5

Action                   |  1- 3 |  4- 6 || total
-------------------------+-------+-------++-------
Melee: Short sword       |   170 |    49 ||   219
       Kick              |    31 |     7 ||    38
 Fire: Shortbow          |       |    35 ||    35
  Eat: Chunk             |     2 |     3 ||     5
Armor: Leather armour    |    72 |    25 ||    97
Dodge: Dodged            |    74 |    27 ||   101
